Unix NetHack Version 5.0.0-0 post-release - last build May  4 2026 22:22:43 (774f63e81ad911689b3a0859ea89b322d5daca8d,branch:main).

Game began 2026-05-06 16:26:11, ended 2026-05-06 16:48:09.

Ackbladder, neutral male human Priest

                                -------
                                |.....|            ------
                                |.....-##          |.{..|       ------
                                |....*| #          |....|     `#-.%...#
                                |.<...| #          |....-##   ##|.`..|##
                                |......###`        |....| #   ##------ #
          ------------          |.....|  #         .....| #  ###       #
          |/+)???[*([|          -----.-  #         -.---- ## #         [
          |![=[%![!..|           `####   #        ###      ###         #
          |)[?)%*.?%.-##          #      #       ##       ##           ##
          |)+).[%!.!.| #####     ##      #       #        # #           ##
          |)%.[!%(.=.|     #  ---|---    #       #       ##              #
          ------------     #  |....(|    #       #      ##               #
                           ###...@..|    #    ####     ##                #
                              |.....|    # ---.-------##                 #----
                              |.....|    ##-.........|#                  #|..|
                              -------      |........^|#                  #...|
                                           |..........#                   |..|
                                           -----------                    ----

Ackbladder the Adept         St:10 Dx:10 Co:18 In:8 Wi:16 Ch:12  Neutral
Dlvl:5  $:53 HP:0(57) Pw:0(58) AC:7  Xp:6 T:4206  Blind

Latest messages:
 You kill the iguana!
 What do you want to sacrifice? [V or ?*] V
 Your sacrifice is consumed in a plume of smoke!
 You see here a pick-axe.
 You are in full health.
 You stop searching.
 In what direction? 8
 The spell hits the rothe!
 You kill the rothe!
 There is an altar to The Lady (neutral) here.
 You see here a rothe corpse.
 There is a rothe corpse here; sacrifice it? [ynq] (n) y
 Your sacrifice is consumed in a plume of smoke!
 You glimpse a four-leaf clover at your feet.
 You stop searching.
 In what direction? 8
 The spell misses the yellow light.
 The yellow light explodes!
 You are blinded by a blast of light!
 You feel an unseen monster!
 It hits!
 You stop searching.
 It just misses!
 It bites!
 You hit it.
 It hits!
 It bites!
 It bites again!
 In what direction? 8
 The spell misses it.
 You miss it.
 It hits!
 It bites!
 It bites again!
 In what direction? 8
 The spell hits it.
 It hits!
 It bites!
 It bites again!
 You hit it.
 It hits!
 It bites!
 It bites again!
 You hit it.
 It hits!
 It bites!
 It bites again!
 You die...
 Do you want your possessions identified? [ynq] (y) y
 Do you want to see your attributes? [ynq] (y) q

Inventory:
 Coins    ('$')
  $ - 53 gold pieces
 Weapons  (')')
  G - 2 +0 daggers
  A - a +1 elven dagger
  m - 3 +0 orcish daggers
  a - a blessed +1 mace (weapon in right hand)
 Armor    ('[')
  c - a +0 small shield (being worn)
  W - a +0 mummy wrapping
  b - a +0 robe (being worn)
 Comestibles  ('%')
  e - 3 cloves of garlic
  y - 3 food rations
  L - a fortune cookie
  f - a sprig of wolfsbane
 Scrolls  ('?')
  M - a scroll of fire
  P - a scroll of identify
  u - 2 blessed scrolls of magic mapping
  z - a scroll of scare monster
  T - a scroll of scare monster
 Spellbooks  ('+')
  Q - a blessed spellbook of confuse monster
  o - a blessed spellbook of force bolt
  g - a spellbook of protection
  h - a spellbook of stone to flesh
 Potions  ('!')
  v - a cursed potion of extra healing
  x - a potion of gain ability
  D - a blessed potion of healing
  s - a potion of healing
  N - a potion of speed
  d - 7 potions of holy water
 Tools    ('(')
  p - an empty bag of holding
  O - a blindfold
  Y - a blessed can of grease (0:16)
  i - a magic marker (0:19)
 Gems/Stones  ('*')
  J - a worthless piece of blue glass

Ackbladder the Priest's attributes:

Background:
 You were an Adept, a level 6 human Priest.
 You were neutral, on a mission for The Lady
 who was opposed by Blind Io (lawful) and Offler (chaotic).
 You were right-handed.
 You were in the Dungeons of Doom, on level 5.
 You entered the dungeon 4206 turns ago.
 You had 572 experience points, 68 more were needed to attain level 7.

Basics:
 You had 0 out of 57 hit points.
 You had 0 out of 58 energy points (spell power).
 Your armor class was 7.
 Your wallet contained 53 zorkmids.
 Autopickup was off.

Final Characteristics:
 Your strength was 10 (limit:18/100).
 Your dexterity was 10 (limit:18).
 Your constitution was 18 (limit:18).
 Your intelligence was 8 (limit:18).
 Your wisdom was 16 (limit:18).
 Your charisma was 12 (limit:18).

Final Status:
 You were temporarily blind.
 You weren't hungry.
 You were unencumbered.
 You were wielding a mace.
 You had basic skill with mace and could have enhanced that.

Final Attributes:
 You were fervently aligned.
 You were guarded.
 Your spell casting was enhanced by wearing a robe.
 You are dead.

Miscellaneous:
 You didn't encounter any bones levels.
 Total elapsed playing time was 21 minutes and 58 seconds.

Major events:
 Turn
    1: Ackbladder the neutral human Priest entered the dungeon
  937: attained the rank of Acolyte (level 3)
 1223: entered the Gnomish Mines
 2791: attained the rank of Adept (level 6)
 4206: killed by a rothe

Spells:
 Name                 Level Category     Fail Retention
 protection             1   clerical       0%   71%-80%
 stone to flesh         3   healing       82%  76%-100%
 force bolt             1   attack         0%  76%-100%
 confuse monster        1   enchantment    0%  76%-100%

Skills:
 Fighting Skills
   bare handed combat [Unskilled]
 Weapon Skills
   club               [Unskilled]
   mace               [Basic]
   morning star       [Unskilled]
   flail              [Unskilled]
   hammer             [Unskilled]
   quarterstaff       [Unskilled]
   polearms           [Unskilled]
   spear              [Unskilled]
   trident            [Unskilled]
   lance              [Unskilled]
   bow                [Unskilled]
   sling              [Unskilled]
   crossbow           [Unskilled]
   dart               [Unskilled]
   shuriken           [Unskilled]
   boomerang          [Unskilled]
   unicorn horn       [Unskilled]
 Spellcasting Skills
   healing spells     [Unskilled]
   divination spells  [Unskilled]
   clerical spells    [Basic]

Voluntary challenges:
 Character rerolling was not enabled.
 You never genocided any monsters.
 You never polymorphed an object.
 You never changed form.
 You used no wishes.
Achievements:
 You entered a shop.
 You attained the rank of Acolyte.
 You entered the Gnomish Mines.
 You attained the rank of Adept.

 The Dungeons of Doom: levels 1 to 5
    Level 1:
    Level 2:
       A potion shop.
    Level 3:
       A fountain.
    Level 4:
       A fountain, a sink.
       Stairs down to The Gnomish Mines.
    Level 5: <- You were here.
       A general store, an altar to The Lady, a sink.
       Final resting place for
          you, killed by a rothe.
 The Gnomish Mines:
    Level 5:


Vanquished creatures:
  a large mimic
  a dingo
  a human zombie
  a bugbear
  a mountain nymph
  a rock piercer
  a pony
  a fog cloud
  a yellow light
  a violet fungus
  a gnome leader
  2 kobold mummies
  a straw golem
  2 floating eyes
  4 dwarves
  a homunculus
  a kobold shaman
  2 rothes
  a rabid rat
  2 centipedes
  3 giant bats
  a monkey
 an orc zombie
  a dwarf zombie
  a werejackal
  4 iguanas
  2 acid blobs
  4 hobbits
  a large kobold
  2 giant rats
  2 cave spiders
  a brown mold
  7 gnomes
  2 gnome zombies
  3 geckos
  4 jackals
  a fox
  4 goblins
  3 grid bugs
  a bat
  7 lichens
  a kobold zombie
  9 newts
92 creatures vanquished.

No species were genocided or became extinct.

Game over:
                       ----------
                      /          \
                     /    REST    \
                    /      IN      \
                   /     PEACE      \
                  /                  \
                  |    Ackbladder    |
                  |      53 Au       |
                  |   killed by a    |
                  |      rothe       |
                  |                  |
                  |                  |
                  |       2026       |
                 *|     *  *  *      | *
        _________)/\\_//(\/(/\)/\//\/|_)_______

Goodbye Ackbladder the Priest...

You died in The Dungeons of Doom on dungeon level 5 with 2536 points,
and 53 pieces of gold, after 4206 moves.
You were level 6 with a maximum of 57 hit points when you died.

